Boulder, neutral male human Caveman ----- ---- ---.|*-- ----..| --- ----- --......| --.|...--- --.-- ----- |...--- ---.......| |........| ---- |...-- --.|.--- |.....| |.........| |..|.....-- |..--- --...| |......|--.....-- |.........-- -----.....| --....----...-- |......--......... |..........-------------- ----..----.......|.....| -----............. --........).............| --..)...............| --....%...... |...|.........---------.--- --.......--.......-- |.......... --...|....--...| |...| |[%..------......| ----|-........ |........---..-| --.-.-------(--- |......-----..--....^... --........||....| --......<.[.(... ---.....--.).)......... |........-|--..-- |........--%--- |............... .-- --..---...| |..| |-.......%..| ---............. ---- |..-- ---- --..........-- |............. ---- --...........| ---........... |............-- -.........>. --.--....--...| .........@u.. -------------- ---......[. ---.----- --- Boulder the Young Cave Man Experience level: 7 Strength: 18/05 Dexterity: 11 Constitution: 17 Intelligence: 8 Wisdom: 8 Charisma: 8 Health: 0(67) Energy: 23(23) Def: 8 Gold: 731 Moves: 2763 Dungeon seed: N_ZJJ5lxdnb-IzEH Game ID: Boulder_1430807781 Your Inventory: Coins $ - 731 gold pieces Weapons a - a +2 club (weapon in hand) b - a +2 sling (alternate weapon; not wielded) Armor n - an uncursed +0 dwarvish cloak (being worn) q - an uncursed -2 Hawaiian shirt (being worn) r - an uncursed +0 orcish helm (being worn) y - an uncursed +0 dwarvish iron helm z - an uncursed +0 pair of iron shoes (being worn) N - an uncursed +0 elven mithril-coat (being worn) Y - an uncursed +0 dwarvish roundshield (being worn) Comestibles l - 4 uncursed food rations Scrolls j - an uncursed scroll of blank paper I - an uncursed scroll of teleportation J - an uncursed scroll of identify M - an uncursed scroll of earth P - an uncursed scroll of amnesia Potions u - an uncursed potion of hallucination K - an uncursed potion of oil R - an uncursed potion of monster detection Rings h - an uncursed ring of levitation Wands s - a wand of digging (0:7) x - a wand of teleportation (0:8) Tools w - a can of grease (0:9) A - an uncursed figurine of a kobold F - 13 uncursed tallow candles (0:200) G - 8 blessed wax candles (0:400) Q - a cursed tallow candle (0:200) S - an uncursed mirror Gems e - 28 uncursed flint stones (in quiver) Spells known in the end: Name Level Category Fail Memory Your skills at the end: Fighting Skills bare handed combat [Basic] Weapon Skills club [Skilled] sling [Basic] Spellcasting Skills Final Attributes: You were stridently aligned. You were fast. You were lucky. You are dead. Vanquished creatures: a dwarf king a gnome king a brown pudding a dog a dingo an imp 5 Uruk-hai a violet fungus 5 gnome lords 4 gnomish wizards a baby crocodile a floating eye 8 dwarves a kobold shaman 2 hill orcs a rothe 2 iguanas 5 killer bees an acid blob a gas spore 3 hobbits 2 cave spiders a red mold 24 gnomes 2 garter snakes 5 jackals 2 kobolds 2 goblins 4 grid bugs 2 lichens a kobold zombie 3 newts 95 creatures vanquished. Voluntary challenges: You used a wielded weapon 117 times, starting on turn 26. You read items or engraved 3 times, starting on turn 747. You never genocided any monsters. You never polymorphed an object. You never changed form. You used no wishes. You never split a pudding. You never wrote Elbereth's name. You violated your moral code, losing 10 points of alignment, starting on turn 2421. You abstained from Elbereth's help. Dungeon overview: The Dungeons of Doom: levels 1 to 3 Level 1 a long staircase Level 2 stairs to The Gnomish Mines Level 3 The Gnomish Mines: levels 3 to 6 Level 3 stairs to The Dungeons of Doom Level 4 Level 5 some shops, a temple to Anu , some fountains Level 6 <- You were here History has recorded: On T:1 you entered the Dungeons of Doom to retrieve the Amulet of Yendor! On T:289 you reached level 2 of The Dungeons of Doom. On T:425 you advanced to experience level 2. On T:714 you reached level 3 of The Dungeons of Doom. On T:818 you reached level 1 of The Gnomish Mines. On T:819 you advanced to experience level 3. On T:921 you advanced to experience level 4. On T:1048 you advanced to experience level 5. On T:1298 you reached level 2 of The Gnomish Mines. On T:1695 you reached level 3 of The Gnomish Mines. On T:1713 you advanced to experience level 6. On T:2483 you reached level 4 of The Gnomish Mines. On T:2526 you advanced to experience level 7. Score breakdown: Gold: 731 ( 9744 points) Experience: 7 levels (13645 points) Exploration: 6 levels ( 12.00%) ( 9583 points) Discoveries: 13 items ( 4.33%) ( 6244 points) Valuables value: (no points given unless you survive) Artifact value: 0 ( 0 points) Variety of kills: 32 monsters ( 8.44%) ( 8717 points) Time penalty: 2763 turns ( -478 points) Survival: died (score multiplied by 80%) Total score: 37964 Latest messages: A partly used candle (lit) lands on the altar. 8 candles land on the altar. There is an amber flash as 7 candles hit the altar. There are several objects here. The white unicorn butts! The white unicorn misses. The white unicorn butts! You die... Final status: Goodbye Boulder the Caveman, killed by a white unicorn... You died in The Gnomish Mines on dungeon level 6 with 37964 points, and 731 pieces of gold, after 2763 moves. You were level 7 with a maximum of 67 hit points when you died.